Workbook

Sheet PRESUPUESTO OFICIAL
A1: REPUBLICA DE COLOMBIA
A2: DEPARTAMENTO DE CUNDINAMARCA
A3: MUNICIPIO DE SASAIMA
A4: =+'ESPECIFICACIONES TECNICAS '!A4 -> Secretaría de Desarrollo Social
A5: PRESUPUESTO OFICIAL
A6: =+'ESPECIFICACIONES TECNICAS '!A6 -> OBJETO: "PRESTACIÓN DE SERVICIOS LOGÍSTICOS PARA LA REALIZACIÓN Y PARTICIPACIÓN EN EVENTOS DEPORTIVOS LOCALES O TERRITORIALES DE LOS DEPORTISTAS DEL MUNICIPIO DE SASAIMA.”
A7: ITEM | B7: DESCRIPCION | C7: UNIDAD | D7: CANTIDAD (A) | E7: VALOR UNITARIO INCLUIDO (B) | F7: TARIFA IVA ( C ) | G7: VALOR IVA (B*C) = D | H7: VALOR UNITARIO INCLUIDO IVA ( E) | I7: VALOR TOTAL (A*E)
A8: 1 | B8: Uniforme deportivo compuesto por: camiseta deportiva Elaborada en tela Inteligente 100% Poliéster en Tejido de Punto, con peso 150 +/- 5grs m2; elongación a lo largo entre 10% y 20% a lo ancho entre 50% y 70%, encogimiento a lo largo entre - 2% y -6% y a lo ancho entre - 1% y 5%, con protección solar, manejo de la humedad y alta transpiración antibacterial, y apta para la estampación en transfer con gran calidad y buen tacto. Diseño con manga corta con terminación en vena puesta con folder industrial y pisada en máquina plana para mayor protección y durabilidad. Cuello compuesto por tres tiras coordinadas reforzadas con simbra. Cintura con terminación en Collarín. Costuras pisas en maquina plana. Diseño y logos en full transfer con tecnología digital de alta calidad. -Pantaloneta deportiva elaborada en Tela Tejido Plano, 200% Filamento texturizado de poliéster peso 112 +/- 3gr/m2, con acabado repelente al agua W/R, textura suave y de buena caída, con acabado mate y protección solar. Confeccionada con maquinaria industrial con caucho de 4 cms en cintura, bota en collarín con logos y diseño en transfer con tecnología digital. Debe incluir par de medias. Con logos y colores institucionales, según directriz del supervisor. | C8: UNIDAD | D8: 1 | E8: 66667 | F8: 0.19 | G8: =E8*F8 -> 12666.73 | H8: =E8+G8 -> 79333.73 | I8: =D8*H8 -> 79333.73
A9: 2 | B9: Camiseta Deportiva Elaborada en tela Inteligente 100% Poliéster en Tejido de Punto, con peso 150 +/- 5grs m2; elongación a lo largo entre 10% y 20% a lo ancho entre 50% y 70%, encogimiento a lo largo entre - 2% y -6% y a lo ancho entre - 1% y 5%, con protección solar, manejo de la humedad y alta transpiración antibacterial, y apta para la estampación en transfer con gran calidad y buen tacto. Diseño con manga corta con terminación en vena puesta con folder industrial y pisada en máquina plana para mayor protección y durabilidad. Cuello compuesto por tres tiras coordinadas reforzadas con simbra. Cintura con terminación en Collarín. Costuras pisas en maquina plana. Diseño y logos en full transfer con tecnología digital de alta calidad, Con logos y colores institucionales, según directriz del supervisor. | C9: UNIDAD | D9: 1 | E9: 41000 | F9: 0.19 | G9: =E9*F9 -> 7790 | H9: =E9+G9 -> 48790 | I9: =D9*H9 -> 48790
A10: 3 | B10: Medallas elaboradas en zamak ref: m422 de 5cm en alto relieve marcada logo en vinilo en la parte de atrás con leyenda alusivo al evento con cinta al cuello (oro, plata , bronce | C10: UNIDAD | D10: 1 | E10: 8283.3333 | F10: 0.19 | G10: =E10*F10 -> 1573.8333 | H10: =E10+G10 -> 9857.1667 | I10: =D10*H10 -> 9857.1667
A11: 4 | B11: Trofeo ref:c216a de 53cm en pasta resistente marcado sobre lamina sublimada a full color con logo y leyenda alusivo al evento | C11: UNIDAD | D11: 1 | E11: 169793.33 | F11: 0.19 | G11: =E11*F11 -> 32260.733 | H11: =E11+G11 -> 202054.07 | I11: =D11*H11 -> 202054.07
A12: 5 | B12: Trofeo ref:c216b de 53cm en pasta resistente marcado sobre lamina sublimada a full color con logo y leyenda alusivo al evento | C12: UNIDAD | D12: 1 | E12: 135200 | F12: 0.19 | G12: =E12*F12 -> 25688 | H12: =E12+G12 -> 160888 | I12: =D12*H12 -> 160888
A13: 6 | B13: Trofeo ref:c216c de 53cm en pasta resistente marcado sobre lamina sublimada a full color con logo y leyenda alusiva al evento | C13: UNIDAD | D13: 1 | E13: 116633.33 | F13: 0.19 | G13: =E13*F13 -> 22160.333 | H13: =E13+G13 -> 138793.67 | I13: =D13*H13 -> 138793.67
A14: 7 | B14: Alquiler de transporte para el traslado de deportistas. | C14: UNIDAD | D14: 1 | E14: 1900000 | F14: 0.19 | G14: =E14*F14 -> 361000 | H14: =E14+G14 -> 2261000 | I14: =D14*H14 -> 2261000
A15: 8 | B15: Personal de arbitraje para diferentes disciplinas deportivas. | C15: UNIDAD | D15: 1 | E15: 125000 | F15: 0 | G15: =E15*F15 -> 0 | H15: =E15+G15 -> 125000 | I15: =D15*H15 -> 125000
A16: 9 | B16: LICENCIADO EN EDUCACION FISICA Y/O TEGNOLOGO EN ENTRENAMIENTO DEPORTIVO, Experiencia Específica mínima certificada de un (1) proyecto en el desarrollo 10de actividades físicas, productivas, recreativas y culturales, dirigida a la población adulto mayor. | C16: UNIDAD | D16: 1 | E16: 3100000 | F16: 0 | G16: =E16*F16 -> 0 | H16: =E16+G16 -> 3100000 | I16: =D16*H16 -> 3100000
A17: 10 | B17: ENFERMERO O TECNICO AUXILIAR DE ENFERMERIA, Experiencia Específica mínima certificada de dos (2) proyectos de actividades relacionadas con población adulto mayor o programas sociales. | C17: UNIDAD | D17: 1 | E17: 2633333.3 | F17: 0 | G17: =E17*F17 -> 0 | H17: =E17+G17 -> 2633333.3 | I17: =D17*H17 -> 2633333.3
A18: 11 | B18: Botella de agua Ecopack de 300 ml. | C18: UNIDAD | D18: 1 | E18: 2000 | F18: 0 | G18: =E18*F18 -> 0 | H18: =E18+G18 -> 2000 | I18: =D18*H18 -> 2000
A19: 12 | B19: Refrigerio compuesto de Sandwichs de jamón, queso y lechuga, bebida natural, una fruta de temporada, empacado en caja de cartón. | C19: UNIDAD | D19: 1 | E19: 14000 | F19: 0 | G19: =E19*F19 -> 0 | H19: =E19+G19 -> 14000 | I19: =D19*H19 -> 14000
A20: PRESUPUESTO OFICIAL | I20: =SUM(I8:I19) -> 8775050

Sheet ANEXO PROPUESTA ECONOMICA
A1: REPUBLICA DE COLOMBIA
A2: DEPARTAMENTO DE CUNDINAMARCA
A3: MUNICIPIO DE SASAIMA
A4: =+'ESPECIFICACIONES TECNICAS '!A4 -> Secretaría de Desarrollo Social
A5: ANEXO PROPUESTA ECONOMICA
A6: =+'ESPECIFICACIONES TECNICAS '!A6 -> OBJETO: "PRESTACIÓN DE SERVICIOS LOGÍSTICOS PARA LA REALIZACIÓN Y PARTICIPACIÓN EN EVENTOS DEPORTIVOS LOCALES O TERRITORIALES DE LOS DEPORTISTAS DEL MUNICIPIO DE SASAIMA.”
A7: ITEM | B7: DESCRIPCION | C7: UNIDAD | D7: CANTIDAD (A) | E7: VALOR UNITARIO INCLUIDO (B) | F7: TARIFA IVA ( C ) | G7: VALOR IVA (B*C) = D | H7: VALOR UNITARIO INCLUIDO IVA ( E) | I7: VALOR TOTAL (A*E)
A8: 1 | B8: Uniforme deportivo compuesto por: camiseta deportiva Elaborada en tela Inteligente 100% Poliéster en Tejido de Punto, con peso 150 +/- 5grs m2; elongación a lo largo entre 10% y 20% a lo ancho entre 50% y 70%, encogimiento a lo largo entre - 2% y -6% y a lo ancho entre - 1% y 5%, con protección solar, manejo de la humedad y alta transpiración antibacterial, y apta para la estampación en transfer con gran calidad y buen tacto. Diseño con manga corta con terminación en vena puesta con folder industrial y pisada en máquina plana para mayor protección y durabilidad. Cuello compuesto por tres tiras coordinadas reforzadas con simbra. Cintura con terminación en Collarín. Costuras pisas en maquina plana. Diseño y logos en full transfer con tecnología digital de alta calidad. -Pantaloneta deportiva elaborada en Tela Tejido Plano, 200% Filamento texturizado de poliéster peso 112 +/- 3gr/m2, con acabado repelente al agua W/R, textura suave y de buena caída, con acabado mate y protección solar. Confeccionada con maquinaria industrial con caucho de 4 cms en cintura, bota en collarín con logos y diseño en transfer con tecnología digital. Debe incluir par de medias. Con logos y colores institucionales, según directriz del supervisor.
A9: 2 | B9: Camiseta Deportiva Elaborada en tela Inteligente 100% Poliéster en Tejido de Punto, con peso 150 +/- 5grs m2; elongación a lo largo entre 10% y 20% a lo ancho entre 50% y 70%, encogimiento a lo largo entre - 2% y -6% y a lo ancho entre - 1% y 5%, con protección solar, manejo de la humedad y alta transpiración antibacterial, y apta para la estampación en transfer con gran calidad y buen tacto. Diseño con manga corta con terminación en vena puesta con folder industrial y pisada en máquina plana para mayor protección y durabilidad. Cuello compuesto por tres tiras coordinadas reforzadas con simbra. Cintura con terminación en Collarín. Costuras pisas en maquina plana. Diseño y logos en full transfer con tecnología digital de alta calidad, Con logos y colores institucionales, según directriz del supervisor.
A10: 3 | B10: Medallas elaboradas en zamak ref: m422 de 5cm en alto relieve marcada logo en vinilo en la parte de atrás con leyenda alusivo al evento con cinta al cuello (oro, plata , bronce
A11: 4 | B11: Trofeo ref:c216a de 53cm en pasta resistente marcado sobre lamina sublimada a full color con logo y leyenda alusivo al evento
A12: 5 | B12: Trofeo ref:c216b de 53cm en pasta resistente marcado sobre lamina sublimada a full color con logo y leyenda alusivo al evento
A13: 6 | B13: Trofeo ref:c216c de 53cm en pasta resistente marcado sobre lamina sublimada a full color con logo y leyenda alusiva al evento
A14: 7 | B14: Alquiler de transporte para el traslado de deportistas.
A15: 8 | B15: Personal de arbitraje para diferentes disciplinas deportivas.
A16: 9 | B16: LICENCIADO EN EDUCACION FISICA Y/O TEGNOLOGO EN ENTRENAMIENTO DEPORTIVO, Experiencia Específica mínima certificada de un (1) proyecto en el desarrollo 10de actividades físicas, productivas, recreativas y culturales, dirigida a la población adulto mayor.
A17: 10 | B17: ENFERMERO O TECNICO AUXILIAR DE ENFERMERIA, Experiencia Específica mínima certificada de dos (2) proyectos de actividades relacionadas con población adulto mayor o programas sociales.
A18: 11 | B18: Botella de agua Ecopack de 300 ml.
A19: 12 | B19: Compuesto de Sandwichs de jamón, queso y lechuga, bebida natural, una fruta de temporada, empacado en caja de cartón.
A20: TOTAL PROPUESTA ECONOMICA | I20: =SUM(I8:I19) -> 0
A21: Nota 1: La propuesta económica deberá contener todos y cada uno de los ítems requeridos, con sus condiciones técnicas, valores unitarios incluido IVA y totales; adicional a ello, los oferentes NO podrán exceder su propuesta el valor unitario incluido iva y valor total del presupuesto oficial del presente proceso.
A22: Nota 2: Los proponentes deberán tener en cuenta para la formulación de su propuesta económica el Anexo Especificaciones Técnicas.

Sheet ESTUDIO DE MERCADO
A1: REPUBLICA DE COLOMBIA
A2: DEPARTAMENTO DE CUNDINAMARCA
A3: MUNICIPIO DE SASAIMA
A4: =+'ESPECIFICACIONES TECNICAS '!A4 -> Secretaría de Desarrollo Social
A5: ESTUDIO DE MERCADO Y/O ANALISIS COMPARATIVO DE PRECIOS
A6: =+'ESPECIFICACIONES TECNICAS '!A6 -> OBJETO: "PRESTACIÓN DE SERVICIOS LOGÍSTICOS PARA LA REALIZACIÓN Y PARTICIPACIÓN EN EVENTOS DEPORTIVOS LOCALES O TERRITORIALES DE LOS DEPORTISTAS DEL MUNICIPIO DE SASAIMA.” | I6: ANALISIS DATOS DE LA MUESTRA PARA OBTENCION DE VALORES UNITARIO
A7: ITEM | B7: DESCRIPCION | C7: UNIDAD | D7: COOPSERGNUM C.T.A COTIZACIÓN 1 | E7: URBAN PROYECTOS Y SOLUCIONES S.A.S COTIZACIÓN 2 | F7: FUNDACOLOMBIA COTIZACIÓN 3 | G7: PROMEDIO | I7: MEDIA | K7: DESVIACION ESTANDAR | M7: COEFICIENTE DE VARIACION | O7: PRUEBA AL 30% | P7: LIMITE INFERIOR | Q7: LIMITE SUPERIOR | R7: MEDIA EXCLUYENDO VALORES EXTREMOS | T7: PROMEDIO (VALOR UNITARIO)
A8: =+'ESPECIFICACIONES TECNICAS '!A8 -> APOYO LOGISTICO
A9: 1 | B9: Uniforme deportivo compuesto por: camiseta deportiva Elaborada en tela Inteligente 100% Poliéster en Tejido de Punto, con peso 150 +/- 5grs m2; elongación a lo largo entre 10% y 20% a lo ancho entre 50% y 70%, encogimiento a lo largo entre - 2% y -6% y a lo ancho entre - 1% y 5%, con protección solar, manejo de la humedad y alta transpiración antibacterial, y apta para la estampación en transfer con gran calidad y buen tacto. Diseño con manga corta con terminación en vena puesta con folder industrial y pisada en máquina plana para mayor protección y durabilidad. Cuello compuesto por tres tiras coordinadas reforzadas con simbra. Cintura con terminación en Collarín. Costuras pisas en maquina plana. Diseño y logos en full transfer con tecnología digital de alta calidad. -Pantaloneta deportiva elaborada en Tela Tejido Plano, 200% Filamento texturizado de poliéster peso 112 +/- 3gr/m2, con acabado repelente al agua W/R, textura suave y de buena caída, con acabado mate y protección solar. Confeccionada con maquinaria industrial con caucho de 4 cms en cintura, bota en collarín con logos y diseño en transfer con tecnología digital. Debe incluir par de medias. Con logos y colores institucionales, según directriz del supervisor. | C9: 1 | D9: 70000 | E9: 65000 | F9: 65000 | G9: =AVERAGE(D9:F9) -> 66666.667 | I9: =ROUND(AVERAGE(D9:F9),0) -> 66667 | J9: 0 | K9: =ROUND(STDEVA(D9:F9),0) -> 2887 | M9: =+K9/I9 -> 0.043304783 | O9: =IF(M9<25%,I9,"CV MAYOR A 25%") -> 66667 | P9: NA | Q9: NA | R9: NA | T9: =+I9 -> 66667
A10: 2 | B10: Camiseta Deportiva Elaborada en tela Inteligente 100% Poliéster en Tejido de Punto, con peso 150 +/- 5grs m2; elongación a lo largo entre 10% y 20% a lo ancho entre 50% y 70%, encogimiento a lo largo entre - 2% y -6% y a lo ancho entre - 1% y 5%, con protección solar, manejo de la humedad y alta transpiración antibacterial, y apta para la estampación en transfer con gran calidad y buen tacto. Diseño con manga corta con terminación en vena puesta con folder industrial y pisada en máquina plana para mayor protección y durabilidad. Cuello compuesto por tres tiras coordinadas reforzadas con simbra. Cintura con terminación en Collarín. Costuras pisas en maquina plana. Diseño y logos en full transfer con tecnología digital de alta calidad, Con logos y colores institucionales, según directriz del supervisor. | C10: 1 | D10: 40000 | E10: 42000 | F10: 41000 | G10: =AVERAGE(D10:F10) -> 41000 | I10: =ROUND(AVERAGE(D10:F10),0) -> 41000 | K10: =ROUND(STDEVA(D10:F10),0) -> 1000 | M10: =+K10/I10 -> 0.024390244 | O10: =IF(M10<25%,I10,"CV MAYOR A 25%") -> 41000 | P10: NA | Q10: NA | R10: NA | T10: =+I10 -> 41000
A11: 3 | B11: Medallas elaboradas en zamak ref: m422 de 50 cm en alto relieve marcada logo en vinilo en la parte de atrás con leyenda alusivo al evento con cinta al cuello (oro, plata , bronce | C11: 1 | D11: 7000 | E11: 8330 | F11: 9520 | G11: =AVERAGE(D11:F11) -> 8283.3333 | I11: =ROUND(AVERAGE(D11:F11),0) -> 8283 | K11: =ROUND(STDEVA(D11:F11),0) -> 1261 | M11: =+K11/I11 -> 0.15223953 | O11: =IF(M11<25%,I11,"CV MAYOR A 25%") -> 8283 | P11: NA | Q11: NA | R11: NA | T11: =+I11 -> 8283
A12: 4 | B12: Trofeo ref:c216a de 48 cm en pasta resistente marcado sobre lamina sublimada a full color con logo y leyenda alusivo al evento | C12: 1 | D12: 150000 | E12: 180880 | F12: 178500 | G12: =AVERAGE(D12:F12) -> 169793.33 | I12: =ROUND(AVERAGE(D12:F12),0) -> 169793
A13: 5 | B13: Trofeo ref:c216b de 43cm en pasta resistente marcado sobre lamina sublimada a full color con logo y leyenda alusivo al evento | C13: 1 | D13: 120000 | E13: 142800 | F13: 142800 | G13: =AVERAGE(D13:F13) -> 135200 | I13: =ROUND(AVERAGE(D13:F13),0) -> 135200
A14: 6 | B14: Trofeo ref:c216c de 53cm en pasta resistente marcado sobre lamina sublimada a full color con logo y leyenda alusiva al evento | C14: 1 | D14: 100000 | E14: 130900 | F14: 119000 | G14: =AVERAGE(D14:F14) -> 116633.33 | I14: =ROUND(AVERAGE(D14:F14),0) -> 116633
A15: 7 | B15: Alquiler de transporte para el traslado de deportistas. | C15: 1 | D15: 1900000 | E15: 1900000 | F15: 1900000 | G15: =AVERAGE(D15:F15) -> 1900000 | I15: =ROUND(AVERAGE(D15:F15),0) -> 1900000 | K15: =ROUND(STDEVA(D15:F15),0) -> 0 | M15: =+K15/I15 -> 0 | O15: =IF(M15<25%,I15,"CV MAYOR A 25%") -> 1900000 | P15: NA | Q15: NA | R15: NA | T15: =+I15 -> 1900000
A16: 8 | B16: Personal Arbitraje para diferentes disciplinas deportivas. | C16: 1 | D16: 120000 | E16: 130000 | F16: 125000 | G16: =AVERAGE(D16:F16) -> 125000 | I16: =ROUND(AVERAGE(D16:F16),0) -> 125000 | K16: =ROUND(STDEVA(D16:F16),0) -> 5000 | M16: =+K16/I16 -> 0.04 | O16: =IF(M16<25%,I16,"CV MAYOR A 25%") -> 125000 | P16: NA | Q16: NA | R16: NA | T16: =+I16 -> 125000
A17: 9 | B17: LICENCIADO EN EDUCACION FISICA Y/O TEGNOLOGO EN ENTRENAMIENTO DEPORTIVO, Experiencia Específica mínima certificada de un (1) proyecto en el desarrollo 10de actividades físicas, productivas, recreativas y culturales, dirigida a la población adulto mayor. | C17: 1 | D17: 3000000 | E17: 3100000 | F17: 3200000 | G17: =AVERAGE(D17:F17) -> 3100000 | I17: =ROUND(AVERAGE(D17:F17),0) -> 3100000 | K17: =ROUND(STDEVA(D17:F17),0) -> 100000 | M17: =+K17/I17 -> 0.032258065 | O17: =IF(M17<25%,I17,"CV MAYOR A 25%") -> 3100000 | P17: NA | Q17: NA | R17: NA | T17: =+I17 -> 3100000
A18: 10 | B18: ENFERMERO O TECNICO AUXILIAR DE ENFERMERIA, Experiencia Específica mínima certificada de dos (2) proyectos de actividades relacionadas con población adulto mayor o programas sociales. | C18: 1 | D18: 2500000 | E18: 2800000 | F18: 2600000 | G18: =AVERAGE(D18:F18) -> 2633333.3 | I18: =ROUND(AVERAGE(D18:F18),0) -> 2633333 | K18: =ROUND(STDEVA(D18:F18),0) -> 152753 | M18: =+K18/I18 -> 0.058007476 | O18: =IF(M18<25%,I18,"CV MAYOR A 25%") -> 2633333 | P18: NA | Q18: NA | R18: NA | T18: =+I18 -> 2633333
A19: 11 | B19: Botella de agua Ecopack de 300 ml. | C19: 1 | D19: 2000 | E19: 2000 | F19: 2000 | G19: =AVERAGE(D19:F19) -> 2000 | I19: =ROUND(AVERAGE(D19:F19),0) -> 2000 | K19: =ROUND(STDEVA(D19:F19),0) -> 0 | M19: =+K19/I19 -> 0 | O19: =IF(M19<25%,I19,"CV MAYOR A 25%") -> 2000 | P19: NA | Q19: NA | R19: NA | T19: =+I19 -> 2000
A20: 12 | B20: Compuesto de Sandwichs de jamón, queso y lechuga, bebida natural, una fruta de temporada, empacado en caja de cartón. | C20: 1 | D20: 14000 | E20: 13500 | F20: 14500 | G20: =AVERAGE(D20:F20) -> 14000 | I20: =ROUND(AVERAGE(D20:F20),0) -> 14000 | K20: =ROUND(STDEVA(D20:F20),0) -> 500 | M20: =+K20/I20 -> 0.035714286 | O20: =IF(M20<25%,I20,"CV MAYOR A 25%") -> 14000 | P20: NA | Q20: NA | R20: NA | T20: =+I20 -> 14000

Sheet ESPECIFICACIONES TECNICAS 
A1: REPUBLICA DE COLOMBIA
A2: DEPARTAMENTO DE CUNDINAMARCA
A3: MUNICIPIO DE SASAIMA
A4: Secretaría de Desarrollo Social
A5: ANEXO DE ESPECIFICACIONES TECNICAS
A6: OBJETO: "PRESTACIÓN DE SERVICIOS LOGÍSTICOS PARA LA REALIZACIÓN Y PARTICIPACIÓN EN EVENTOS DEPORTIVOS LOCALES O TERRITORIALES DE LOS DEPORTISTAS DEL MUNICIPIO DE SASAIMA.”
A7: ITEM | B7: DESCRIPCION | C7: UNIDAD | D7: CANTIDAD
A8: APOYO LOGISTICO
A9: 1 | B9: Uniforme deportivo compuesto por: camiseta deportiva Elaborada en tela Inteligente 100% Poliéster en Tejido de Punto, con peso 150 +/- 5grs m2; elongación a lo largo entre 10% y 20% a lo ancho entre 50% y 70%, encogimiento a lo largo entre - 2% y -6% y a lo ancho entre - 1% y 5%, con protección solar, manejo de la humedad y alta transpiración antibacterial, y apta para la estampación en transfer con gran calidad y buen tacto. Diseño con manga corta con terminación en vena puesta con folder industrial y pisada en máquina plana para mayor protección y durabilidad. Cuello compuesto por tres tiras coordinadas reforzadas con simbra. Cintura con terminación en Collarín. Costuras pisas en maquina plana. Diseño y logos en full transfer con tecnología digital de alta calidad. -Pantaloneta deportiva elaborada en Tela Tejido Plano, 200% Filamento texturizado de poliéster peso 112 +/- 3gr/m2, con acabado repelente al agua W/R, textura suave y de buena caída, con acabado mate y protección solar. Confeccionada con maquinaria industrial con caucho de 4 cms en cintura, bota en collarín con logos y diseño en transfer con tecnología digital. Debe incluir par de medias. Con logos y colores institucionales, según directriz del supervisor. | C9: UNIDAD | D9: 1
A10: 2 | B10: Camiseta Deportiva Elaborada en tela Inteligente 100% Poliéster en Tejido de Punto, con peso 150 +/- 5grs m2; elongación a lo largo entre 10% y 20% a lo ancho entre 50% y 70%, encogimiento a lo largo entre - 2% y -6% y a lo ancho entre - 1% y 5%, con protección solar, manejo de la humedad y alta transpiración antibacterial, y apta para la estampación en transfer con gran calidad y buen tacto. Diseño con manga corta con terminación en vena puesta con folder industrial y pisada en máquina plana para mayor protección y durabilidad. Cuello compuesto por tres tiras coordinadas reforzadas con simbra. Cintura con terminación en Collarín. Costuras pisas en maquina plana. Diseño y logos en full transfer con tecnología digital de alta calidad, Con logos y colores institucionales, según directriz del supervisor. | C10: UNIDAD | D10: 1
A11: 3 | B11: Medallas elaboradas en zamak ref: m422 de 5cm en alto relieve marcada logo en vinilo en la parte de atrás con leyenda alusivo al evento con cinta al cuello (oro, plata , bronce | C11: UNIDAD | D11: 1
A12: 4 | B12: Trofeo ref:c216a de 53cm en pasta resistente marcado sobre lamina sublimada a full color con logo y leyenda alusivo al evento | C12: UNIDAD | D12: 1
A13: 5 | B13: Trofeo ref:c216b de 53cm en pasta resistente marcado sobre lamina sublimada a full color con logo y leyenda alusivo al evento | C13: UNIDAD | D13: 1
A14: 6 | B14: Trofeo ref:c216c de 53cm en pasta resistente marcado sobre lamina sublimada a full color con logo y leyenda alusiva al evento | C14: UNIDAD | D14: 1
A15: 7 | B15: Alquiler de transporte para el traslado de deportistas. | C15: UNIDAD | D15: 1
A16: 8 | B16: Personal de arbitraje para diferentes disciplinas deportivas. | C16: UNIDAD | D16: 1
A17: 9 | B17: LICENCIADO EN EDUCACION FISICA Y/O TEGNOLOGO EN ENTRENAMIENTO DEPORTIVO, Experiencia Específica mínima certificada de un (1) proyecto en el desarrollo 10de actividades físicas, productivas, recreativas y culturales, dirigida a la población adulto mayor. | C17: UNIDAD | D17: 1
A18: 10 | B18: ENFERMERO O TECNICO AUXILIAR DE ENFERMERIA, Experiencia Específica mínima certificada de dos (2) proyectos de actividades relacionadas con población adulto mayor o programas sociales. | C18: UNIDAD | D18: 1
A19: 11 | B19: Botella de agua Ecopack de 300 ml. | C19: UNIDAD | D19: 1
A20: 12 | B20: Compuesto de Sandwichs de jamón, queso y lechuga, bebida natural, una fruta de temporada, empacado en caja de cartón. | C20: UNIDAD | D20: 1
